cohdb
Replays
Latest Replays
All Replays
Popular Replays
Top Player Replays
Match Explorer
How It Works
Community
CoH3 Stats
Reddit
Sign in to upload your games and track your stats! →
Sign in with Steam
Match 44650109
Unlisted
Match 44650109
Overview
Messages
Build Orders
End
Kettenkrad Recon Vehicle
Construct Infanterie Kompanie
Selects Mechanized Battlegroup
Grenadier Squad
Grenadier Squad
MG 42 Machine Gun Team
GrW 34 Mortar Team
Construct Luftwaffe Kompanie
Medical Station
221 Scout Car
Flak 30 Anti-aircraft Gun Team
MG 42 Bunker
Jäger Squad
Construct Panzergrenadier Kompanie
Grenadier Squad
Construct Panzer Kompanie
Panzer IV Medium Tank
Stoßtruppen Squad
Stoßtruppen Squad
Panzer IV Medium Tank
El Presidente
Lord Tupalem of Campers
dan legend
BoBohn
0
0
Comments
sign in to comment!
No comments posted yet!